 Dungeon Crawl Stone Soup version 0.21.1-1-g345015fe64 (webtiles) character file.

671781 Oravi the Slayer (level 27, -13/228 HPs)
             Began as a Merfolk Transmuter on May 16, 2018.
             Was the Champion of Okawaru.
             Killed from afar by an orb of fire (19 damage)
             ... with a fireball
             ... on level 5 of the Realm of Zot on May 17, 2018.
             The game lasted 11:07:40 (112409 turns).

Oravi the Slayer (Merfolk Transmuter)             Turns: 112409, Time: 11:07:41

Health: -13/228    AC: 18    Str: 10    XL:     27
Magic:  3/48       EV: 37    Int: 24    God:    Okawaru [******]
Gold:   6054       SH: 17    Dex: 14    Spells: 14/68 levels left

rFire    + + .     SeeInvis .   g - +9 demon trident (pierce)
rCold    + + +     Gourm    .   s - +2 shield {rC+}
rNeg     + + .     Faith    .   r - +2 robe {rC+ rF+}
rPois    +         Spirit   .   p - -2 hat of the Alchemist {rElec rPois rF+ rC+ rN+ MR+ rMut rCorr}
rElec    +         Reflect  .   Q - +2 cloak {MR+}
rCorr    +         Harm     .   S - +2 pair of gloves {archery}
rMut     +         Clarity  +   C - +2 pair of boots of the Assassin {Detection Stab+ Stlth++}
MR       +++++                  N - amulet of the Four Winds {rN+ MR+++ Clar}
Stlth    +++++.....             R - +5 ring of protection
HPRegen  0.48/turn              F - +6 ring of evasion
MPRegen  0.31/turn

@: about to teleport, heroism
A: change form in water, swift swim, stealthy swim, fangs 1, rugged brown scales
1, clarity, frail 1, weak 1, sturdy frame 1
}: 4/15 runes: decaying, serpentine, slimy, silver
a: Heroism, Finesse, Renounce Religion


You were on level 5 of the Realm of Zot.
You worshipped Okawaru.
Okawaru was exalted by your worship.
You were not hungry.

You visited 12 branches of the dungeon, and saw 58 of its levels.
You also visited: Trove and Ice Cave.

You collected 8728 gold pieces.
You spent 2674 gold pieces at shops.

Inventory:

Hand Weapons
 b - a +6 demon trident of flaming
 g - a +9 demon trident of piercing (weapon)
 X - the +0 trident "Dapsa" {antimagic, -Tele Str+5 Int+5}
   (You found it on level 2 of the Crypt)

   It reduces the magical energy of the wielder, and disrupts the spells and
   magical abilities of those hit.
   Natural abilities and divine invocations are not affected.
   It affects your strength (+5).
   It affects your intelligence (+5).
   It prevents most forms of teleportation.
Missiles
 a - 1437 arrows
Armour
 p - the -2 hat of the Alchemist (worn) {rElec rPois rF+ rC+ rN+ MR+ rMut rCorr}
   (You found it on level 8 of the Dungeon)

   It protects you from fire.
   It protects you from cold.
   It insulates you from electricity.
   It protects you from poison.
   It protects you from negative energy.
   It affects your resistance to hostile enchantments.
   It protects you from acid and corrosion.
   It protects you from mutation.
 r - a +2 robe of resistance (worn)
 s - a +2 shield of cold resistance (worn)
 u - a scarf of resistance
 C - the +2 pair of boots of the Assassin (worn) {Detection Stab+ Stlth++}
   (You found it on level 5 of the Vaults)

   It makes you much more stealthy.
 M - a +1 cloak of invisibility
 Q - a +2 cloak of magic resistance (worn)
 S - a +2 pair of gloves of archery (worn)
Jewellery
 k - the ring "Mecol" {rN+ MR+}
   (You took it off a skeletal warrior on level 3 of the Crypt)

   [ring of positive energy]

   It protects you from negative energy.
   It affects your resistance to hostile enchantments.
 t - an uncursed ring of see invisible
 A - an uncursed ring of flight
 F - a +6 ring of evasion (right hand)
 N - the amulet of the Four Winds (around neck) {rN+ MR+++ Clar}
   (You found it on level 5 of the Pits of Slime)

   [amulet of nothing]

   It protects you from negative energy.
   It affects your resistance to hostile enchantments.
   It protects you against confusion.
 R - a +5 ring of protection (left hand)
 T - an uncursed ring of wizardry
 Y - the brooch of Shielding {Reflect SH+8}
   (You bought it in a shop on level 4 of the Snake Pit)

   [amulet of reflection]

   It shields you and reflects attacks.
   It affects your SH (+8).
Wands
 B - a wand of digging (25)
Scrolls
 i - 10 scrolls of magic mapping
 o - 5 scrolls of blinking
 q - 3 scrolls of teleportation
 x - 15 scrolls of fog
 y - 2 scrolls of brand weapon
 z - 25 scrolls of remove curse
 L - 7 scrolls of fear
 V - 10 scrolls of identify
Potions
 e - 5 potions of magic
 f - 2 potions of agility
 h - 3 potions of cancellation
 j - 4 potions of resistance
 l - 8 potions of curing
 m - 12 potions of brilliance
 n - 7 potions of flight
 w - 5 potions of might
 D - 4 potions of haste
 E - 2 potions of invisibility
 I - 3 potions of ambrosia
 J - 5 potions of berserk rage
Comestibles
 d - 44 rations


   Skills:
 + Level 26.5(27) Fighting
 - Level 22.0(27) Polearms
 - Level 22.0(27) Dodging
 - Level 15.0(20.0) Shields
 - Level 10.0(15.0) Unarmed Combat
 + Level 21.2 Spellcasting
 - Level 5.0 Hexes
 - Level 8.0 Charms
 - Level 7.0 Summonings
 - Level 7.8 Necromancy
 - Level 5.0 Translocations
 - Level 14.0 Transmutations
 - Level 10.0 Earth Magic
 - Level 10.0 Invocations


You had 14 spell levels left.
You knew the following spells:

 Your Spells              Type           Power        Failure   Level  Hunger
a - Statue Form           Tmut/Erth      ######...    1%          6    ##.....
b - Sticks to Snakes      Tmut           #######.     0%          2    None
c - Ice Form              Ice/Tmut       ######..     1%          4    None
d - Blade Hands           Tmut           #######...   1%          5    None
e - Petrify               Tmut/Erth      ######..     1%          4    None
f - Regeneration          Chrm/Necr      ######....   1%          3    None
g - Lee's Rapid Deconstr  Erth           ######....   1%          5    None
h - Blink                 Tloc           N/A          1%          2    None
i - Passwall              Tmut/Erth      ######....   1%          2    None
j - Necromutation         Tmut/Necr      ######....   77%         8    ######.
k - Spectral Weapon       Hex/Chrm       ######..     1%          3    None
l - Alistair's Intoxicat  Tmut/Pois      ######..     2%          5    None
m - Aura of Abjuration    Summ           ######....   2%          5    None


Dungeon Overview and Level Annotations

Branches:
Dungeon (15/15)            Temple (1/1) D:5            Lair (6/6) D:8
  Swamp (4/4) Lair:4        Snake (4/4) Lair:3        Slime (5/5) Lair:5
    Orc (2/2) D:9             Elf (3/3) Orc:2        Vaults (5/5) D:14
  Crypt (3/3) Vaults:3       Tomb (0/3) Crypt:3      Depths (5/5) D:15
    Zot (5/5) Depths:5

Altars:
Ashenzari
Cheibriados
Dithmenos
Elyvilon
Fedhas
Gozag
Hepliaklqana
Kikubaaqudgha
Makhleb
Nemelex Xobeh
Okawaru
Qazlal
Ru
Sif Muna
Trog
Uskayaw
Vehumet
Wu Jian
Xom
Yredelemnul
Zin
The Shining One
Jiyva
Lugonu

Shops:
D:4 [   D:10 [   Orc:2 =[(*   Elf:1 =   Elf:3 !([   Snake:2 *   Snake:4 =
Vaults:2 [=   Depths:2 =}=}

Portals:
Hell: Depths:1 Depths:2 Depths:3 Depths:4 Depths:5
Abyss: Depths:2 Depths:4
Pandemonium: Depths:3
Ziggurat: Depths:5


Innate Abilities, Weirdness & Mutations

You revert to your normal form in water.
You are very nimble and swift while swimming.
You are very stealthy in the water. (Stealth+)
You have very sharp teeth.
You are partially covered in rugged brown scales. (AC +1, +3% HP)
You possess an exceptional clarity of mind.
You are frail. (-10% HP)
You are weak. (Str -2)
Your movements are slightly less encumbered by armour. (ER -2)


Message History

You feel that your aim is more steady.
You feel resistant to extremes of temperature.
The Orb Guardian barely misses you.
An Orb Guardian comes into view.
Casting: Blink
Confirm with . or Enter, or press ? or * to list all spells.
You blink.
An orb of fire comes into view.
The orb of fire emits a lurid red light.
The fireball explodes!
The fireball engulfs you! You resist.
* * * LOW HITPOINT WARNING * * *
The orb of fire glows red.
The bolt of fire hits you! You resist.
* * * LOW HITPOINT WARNING * * *
The orb of fire glows red.
Strange energies course through your body.
You feel odd for a moment.
The orb of fire glows bright magenta.
The fireball explodes!
The fireball engulfs you! You resist.
You die...

*,,,,,,,,,,.*..........▓▓
,,,,,,,,,...............▓
,,,,,,,,,...............▓
,,,,,,,,,....*.........▓*
,,,,,,,,,.............▓*
,,,,,,,,,...[...*.^..▓▓
,,,,,,,,,*............▓▓
,,,,,,,,,...........*..▓▓
,,,,,,,,,.......@.X.....▓
,,,,,,,,,............§..▓
*,,,,,,,,..............▓▓
***,,,,,,.............▓▓
****,,,............▓▓
#▓▓▓▓▓▓▓▓#▓▓##.....▓▓
##...^......,,...X...**
....##......,,........**
..###,,.....,,......,,,**


You could see 4 orbs of fire and 2 Orb Guardians.

Vanquished Creatures
  the Royal Jelly (Slime:5)
  An ancient lich (Crypt:3)
  Mennas (Crypt:1)
  A juggernaut (Depths:5)
  An orb of fire (Zot:5)
  Mara (Depths:1)
  Sojobo (Depths:1)
  Margery (Crypt:1)
  A Killer Klown (Zot:4)
  Nikola (Vaults:2)
  2 curse toes
  5 golden dragons
  6 bone dragons
  2 electric golems
  12 tentacled monstrosities
  Rupert (Lair:4)
  Jorgrun (Elf:3)
  Asterion (Depths:3)
  A shard shrike skeleton (Crypt:1)
  7 Orb Guardians (Zot:5)
  8 titans
  3 deep elf blademasters
  3 quicksilver dragons
  4 liches
  21 acid blobs
  6 death cobs
  4 sphinxes
  2 thorn hunters
  6 ancient champions
  Kirke (Snake:4)
  5 draconian monks
  9 tengu reavers
  2 revenants (Crypt:1)
  11 shadow dragons
  8 nagarajas
  15 storm dragons
  5 fire giants
  11 azure jellies
  2 ghost moths
  Donald (Snake:1)
  10 deep elf sorcerers
  3 draconian shifters
  2 iron dragons
  A draconian scorcher (Zot:5)
  11 vault wardens
  4 deep elf elementalists (Elf:3)
  4 orc warlords
  4 curse skulls
  3 draconian knights (Zot:4)
  Louise (Snake:3)
  7 draconian stormcallers
  8 frost giants
  6 ironheart preservers
  15 ghouls
  20 stone giants
  The ghost of flt the Unseen, an adept SpEn of Wu Jian (Snake:2)
  2 draconian annihilators
  3 juggernaut skeletons (Depths:4)
  25 very ugly things
  2 entropy weavers
  6 war gargoyles
  4 deep elf demonologists
  The ghost of raetorn the Fencer, a journeyman VSFi of Okawaru (Orc:2)
  7 deep elf annihilators
  6 white draconians
  10 black draconians
  3 vampire knights
  11 green draconians
  5 purple draconians
  6 red draconians
  12 yellow draconians
  Snorg (D:13)
  5 spark wasps
  4 eidola
  11 fire dragons
  A blizzard demon (Depths:3)
  14 ettins
  11 jiangshi
  Josephine (Lair:5)
  12 crystal guardians (Depths:3)
  A rakshasa (Depths:1)
  6 death oozes (Slime:5)
  7 deep elf high priests
  10 deep elf death magi
  14 yaktaur captains
  22 hydras
  10 great orbs of eyes
  34 vault guards
  The ghost of Jannitor the Nimble, a journeyman FeCK of Xom (D:14)
  Fannar (Lair:1)
  11 ice dragons
  21 naga warriors
  2 spriggan air magi
  9 centaur warriors
  A quicksilver dragon skeleton (Crypt:3)
  7 anacondas
  4 death knights
  A ghost crab (Swamp:3)
  A catoblepas (shapeshifter) (Depths:3)
  The ghost of Tali the Cleaver, a novice MiBe of Trog (D:9)
  2 two-headed ogres (shapeshifter)
  12 ogre magi
  40 dancing weapons
  6 alligators
  3 deep troll shamans
  A tengu warrior (D:8)
  A satyr (shapeshifter) (Depths:3)
  13 deep troll earth magi
  4 orc high priests
  A death yak (shapeshifter) (Depths:3)
  49 two-headed ogres
  3 death yaks
  2 spriggan berserkers
  16 naga sharpshooters
  6 vampire magi
  7 shock serpents
  18 deep elf knights
  2 iron golems (Depths:3)
  12 hell knights
  A soul eater (Crypt:2)
  A shadow wraith (Crypt:1)
  3 titan skeletons
  3 salamander mystics
  3 storm dragon skeletons (Depths:4)
  A sixfirhy (D:10)
  58 skeletal warriors
  A sea snake (Snake:4)
  6 flayed ghosts
  27 deep trolls
  6 unseen horrors
  5 spriggan druids
  A deep troll (shapeshifter) (Depths:3)
  2 swamp dragons (shapeshifter)
  8 glowing orange brains
  A sphinx zombie (Vaults:5)
  An orange crystal statue (Depths:5)
  4 obsidian statues (Depths:3)
  11 naga ritualists
  6 harpies
  2 shambling mangroves
  3 golden dragon skeletons
  11 deep elf archers
  12 swamp dragons
  11 ironbrand convokers
  A frost giant zombie (Crypt:1)
  8 necromancers
  20 orc knights
  An anaconda skeleton (Crypt:3)
  A wolf spider zombie (D:15)
  A wolf spider (shapeshifter) (Vaults:4)
  A cyclops (shapeshifter) (Depths:3)
  9 mana vipers
  12 phantasmal warriors
  68 deep elf magi
  53 ugly things
  4 sphinx skeletons
  3 large abominations (Depths:2)
  9 orc sorcerers
  3 iron dragon skeletons
  2 fire giant zombies
  5 cyclopes
  7 shining eyes
  3 wolf spiders
  2 manticores
  5 shadow dragon skeletons
  An elephant (shapeshifter) (Vaults:5)
  10 salamanders
  A stone giant skeleton (Vaults:4)
  4 tengu skeletons (Depths:4)
  4 elephants (Lair:4)
  An ice statue (IceCv)
  34 moths of wrath
  5 fire giant skeletons
  2 shock serpent zombies
  5 gargoyles
  7 molten gargoyles
  20 naga magi
  Joseph (D:8)
  14 vault sentinels
  4 torpor snails
  26 black mambas
  5 guardian serpents
  An eye of devastation (Slime:5)
  5 frost giant skeletons
  A dire elephant skeleton (Crypt:3)
  A pale draconian zombie (Crypt:2)
  5 spectral swamp worms (Depths:1)
  A spiny frog (shapeshifter) (Depths:3)
  3 spriggan skeletons
  7 komodo dragons
  A kobold demonologist (D:9)
  41 yaktaurs
  11 spiny frogs
  3 rime drakes
  A komodo dragon (shapeshifter) (Vaults:1)
  An efreet (D:15)
  9 freezing wraiths
  A catoblepas zombie (Crypt:1)
  2 tengu conjurers (Depths:2)
  A redback zombie (Crypt:1)
  A queen bee (Lair:3)
  A meliai (shapeshifter) (Vaults:3)
  33 polar bears
  A troll (shapeshifter) (Depths:4)
  4 tyrant leeches
  A tengu simulacrum (Vaults:4)
  4 wind drakes (Depths:3)
  2 hornets (shapeshifter) (Depths:3)
  A harpy zombie (Crypt:2)
  A wolf spider simulacrum (Crypt:2)
  15 hornets
  77 slime creatures
  8 trolls
  4 dream sheep (Lair:5)
  12 blink frogs
  Prince Ribbit (D:8)
  2 raiju (Lair:6)
  10 hippogriffs
  10 bog bodies
  An ice dragon zombie (Depths:1)
  2 harpy skeletons (Crypt:3)
  8 small abominations (Depths:2)
  2 stone giant simulacra (Crypt:2)
  26 flying skulls
  A vampire (D:14)
  11 air elementals
  6 shadows
  An alligator skeleton (Crypt:3)
  8 spriggans
  12 wraiths
  2 redbacks (Vaults:4)
  A hog (shapeshifter) (Depths:3)
  2 tarantellas (shapeshifter)
  An ettin skeleton (Crypt:3)
  2 fire elementals
  5 wyverns
  4 hogs (Snake:4)
  10 water elementals
  A yak (shapeshifter) (Vaults:5)
  38 yaks
  28 vampire mosquitoes
  2 black mamba skeletons (Crypt:3)
  5 golden eyes (Slime:4)
  4 basilisks
  A human (shapeshifter) (Depths:3)
  Grum (D:8)
  2 chaos spawn (Depths:2)
  3 steam dragons
  2 human simulacra
  5 elf skeletons (Depths:4)
  5 hungry ghosts
  31 nagas
  A soldier ant (D:14)
  A swamp worm (shapeshifter) (Depths:3)
  An acid dragon (shapeshifter) (Vaults:3)
  6 acid dragons
  21 swamp worms
  16 wargs
  13 hell hounds (Lair:6)
  13 insubstantial wisps
  A human skeleton (Depths:4)
  A deep troll skeleton (Vaults:5)
  A gelid demonspawn skeleton (Crypt:3)
  A floating eye (Slime:5)
  8 water moccasins
  3 porcupines
  2 swamp drakes (shapeshifter)
  64 orc warriors
  17 swamp drakes
  13 black bears
  A merfolk skeleton (Crypt:3)
  12 ice beasts
  2 phantoms
  A hornet zombie (D:7)
  A lindwurm skeleton (Crypt:1)
  An eye of draining (shapeshifter) (Depths:3)
  7 sky beasts
  2 spiny frog skeletons (Crypt:2)
  2 ettin simulacra
  41 ogres
  7 necrophages
  An ogre (shapeshifter) (Vaults:5)
  27 wolves
  20 centaurs
  9 boggarts
  22 crocodiles
  An elf simulacrum (Vaults:1)
  2 big kobolds
  17 bullfrogs
  2 gnoll sergeants
  A deep troll simulacrum (Vaults:1)
  A wyvern zombie (D:13)
  A salamander skeleton (Crypt:3)
  2 yaktaur skeletons
  7 earth elementals (Depths:3)
  A wyvern skeleton (D:13)
  4 scorpions
  35 killer bees
  5 wights (D:15)
  A polar bear skeleton (Crypt:2)
  7 electric eels
  2 yak skeletons
  7 howler monkeys
  3 centaur zombies
  4 bullfrog zombies
  9 crimson imps
  4 quasits
  5 jellies
  A demonspawn zombie (Crypt:2)
  A black bear zombie (Crypt:2)
  7 hounds
  24 orc priests
  4 bullfrog skeletons
  Crazy Yiuf (D:3)
  8 centaur skeletons
  31 orc wizards
  Jessica (D:3)
  Terence (D:3)
  6 iguanas
  13 worker ants
  A statue (D:7)
  A porcupine skeleton (Crypt:3)
  A killer bee zombie (D:9)
  A bullfrog simulacrum (D:9)
  A dwarf skeleton (Crypt:3)
  A felid skeleton (Crypt:1)
  A hound zombie (D:6)
  2 hound skeletons
  2 worker ant zombies
  8 adders
  18 gnolls
  A swamp drake zombie (Crypt:3)
  A scorpion zombie (Crypt:3)
  5 shadow imps
  15 white imps
  A howler monkey simulacrum (D:9)
  5 oozes (D:11)
  2 adder skeletons
  A lava snake skeleton (Crypt:3)
  3 worms
  2 ball lightnings (Depths:3)
  A barachi skeleton (Crypt:2)
  5 leopard geckos
  139 orcs
  3 ball pythons
  9 giant cockroaches
  8 goblins
  3 hobgoblins
  18 jackals
  7 quokkas
  A ball python skeleton (Crypt:2)
  9 bats
  A dart slug zombie (Crypt:3)
  7 frilled lizards
  A gnoll skeleton (Crypt:1)
  A goblin skeleton (Crypt:3)
  A jackal skeleton (D:4)
  18 kobolds
  A kobold skeleton (Crypt:3)
  A leopard gecko zombie (D:8)
  17 rats
  A river rat skeleton (Crypt:1)
  2 spectral weapons
2751 creatures vanquished.

Vanquished Creatures (collateral kills)
  Gastronok (Lair:1)
  The ghost of Oravi the Transmogrifier, a journeyman MfTm of Okawaru (Lair:4)
  A hydra (Swamp:4)
  Sonja (D:11)
  A shining eye (shapeshifter) (D:15)
  A slime creature (D:15)
  2 dream sheep
  A basilisk (Lair:2)
  A naga (Snake:3)
  A bullfrog (Lair:1)
  An adder (D:11)
  A kobold (D:12)
13 creatures vanquished.

Vanquished Creatures (others)
  2 deep elf master archers (Elf:3)
  A sphinx (shapeshifter) (Depths:3)
  A draconian knight (Zot:5)
  An ironheart preserver (Vaults:2)
  2 stone giants
  2 yaktaur captains
  2 deep elf knights
  A wizard (Vaults:1)
  2 deep elf archers
  An ironbrand convoker (Vaults:3)
  An ugly thing (Vaults:5)
  11 yaktaurs
  A centaur simulacrum (D:15)
  A wraith (Crypt:1)
  3 humans (Snake:4)
  A yak (IceCv)
  An insubstantial wisp (Depths:3)
  2 orc warriors
  A wolf (IceCv)
  A centaur (Vaults:3)
  4 ogres
  An adder (D:8)
  9 ball lightnings (Depths:3)
  An orc (Vaults:5)
  2 briar patches (Swamp:4)
  6 fungi
  53 plants
  139 spectral weapons
253 creatures vanquished.

Grand Total: 3017 creatures vanquished

Notes
Turn   | Place    | Note
-------+----------+-------------------------------------------
     0 | D:1      | Oravi the Merfolk Transmuter began the quest for the Orb.
     0 | D:1      | Reached XP level 1. HP: 15/15 MP: 3/3
    95 | D:1      | Reached XP level 2. HP: 21/21 MP: 3/5
   501 | D:1      | Reached XP level 3. HP: 21/26 MP: 4/6
   509 | D:1      | Learned a level 2 spell: Sticks to Snakes
   513 | D:1      | Learned a level 3 spell: Spider Form
  1133 | D:2      | Found a snail-covered altar of Cheibriados.
  1843 | D:3      | Reached XP level 4. HP: 32/32 MP: 3/7
  1864 | D:3      | Reached skill level 5 in Transmutations
  2506 | D:3      | Reached XP level 5. HP: 29/37 MP: 4/8
  3039 | D:3      | Noticed Terence
  3050 | D:3      | Killed Terence
  3050 | D:3      | Reached XP level 6. HP: 38/44 MP: 3/9
  3125 | D:3      | Found a runed door.
  3253 | D:3      | Noticed a hippogriff
  3265 | D:3      | Killed a hippogriff
  3265 | D:3      | Reached skill level 2 in Fighting
  3265 | D:3      | Reached skill level 5 in Unarmed Combat
  3467 | D:3      | Found a sparkling altar of Nemelex Xobeh.
  3467 | D:3      | Noticed Jessica
  3473 | D:3      | Killed Jessica
  3473 | D:3      | Reached XP level 7. HP: 43/51 MP: 6/10
  3509 | D:3      | Found a sparkling altar of Nemelex Xobeh.
  3509 | D:3      | Found a sacrificial altar of Ru.
  3679 | D:4      | Found Zaoqeq's Antique Armour Shoppe.
  4061 | D:4      | Found a white marble altar of Elyvilon.
  4211 | D:4      | Found a glowing golden altar of the Shining One.
  4241 | D:4      | Reached skill level 3 in Fighting
  4490 | D:5      | Entered Level 5 of the Dungeon
  4685 | D:5      | Noticed a dagger
  4686 | D:5      | Noticed a hand axe
  4694 | D:5      | Found a hide-covered altar of Uskayaw.
  4841 | D:5      | Reached skill level 5 in Dodging
  5140 | D:5      | Found a shattered altar of Ashenzari.
  5154 | D:5      | Reached XP level 8. HP: 56/60 MP: 8/11
  5159 | D:5      | Reached skill level 4 in Fighting
  5414 | D:5      | Found a staircase to the Ecumenical Temple.
  5471 | Temple   | Entered the Ecumenical Temple
  5478 | Temple   | Became a worshipper of Warmaster Okawaru
  6257 | D:6      | Reached * piety under Okawaru
  6257 | D:6      | Reached skill level 5 in Fighting
  6502 | D:6      | Reached XP level 9. HP: 68/68 MP: 8/12
  6753 | D:7      | Found a radiant altar of Vehumet.
  6788 | D:7      | Found a blossoming altar of Fedhas.
  6959 | D:7      | Reached skill level 6 in Fighting
  7317 | D:7      | Reached ** piety under Okawaru
  7479 | D:7      | Reached skill level 10 in Unarmed Combat
  7779 | D:8      | Reached skill level 7 in Fighting
  7843 | D:8      | Noticed Grum
  7844 | D:8      | Found the -2 hat of the Alchemist {rElec rPois rF+ rC+ rN+ MR+ rMut rCorr}
  7849 | D:8      | Reached XP level 10. HP: 79/79 MP: 4/13
  7857 | D:8      | Killed Grum
  7997 | D:8      | Found the +5 pair of quick blades "Gyre" and "Gimble" {pierce, Dex-3}
  8007 | D:8      | Reached skill level 8 in Fighting
  8017 | D:8      | Noticed a two-headed ogre
  8017 | D:8      | Noticed a deep elf mage
  8017 | D:8      | Noticed a tengu warrior
  8040 | D:8      | Killed a two-headed ogre
  8040 | D:8      | Reached *** piety under Okawaru
  8040 | D:8      | Reached skill level 10 in Dodging
  8056 | D:8      | Killed a tengu warrior
  8056 | D:8      | Reached **** piety under Okawaru
  8060 | D:8      | Killed a deep elf mage
  8380 | D:8      | Noticed a two-headed ogre
  8387 | D:8      | Killed a two-headed ogre
  8387 | D:8      | Reached skill level 9 in Fighting
  8412 | D:8      | Noticed Prince Ribbit
  8422 | D:8      | Killed Prince Ribbit
  8422 | D:8      | Reached XP level 11. HP: 89/89 MP: 14/17
  8455 | D:8      | Reached ***** piety under Okawaru
  8519 | D:8      | Noticed Joseph
  8531 | D:8      | Killed Joseph
  8649 | D:8      | Learned a level 4 spell: Ice Form
  8655 | D:8      | Learned a level 5 spell: Blade Hands
  8880 | D:8      | Found a staircase to the Lair.
  8900 | D:8      | Reached skill level 5 in Invocations
  9114 | D:8      | Reached skill level 5 in Spellcasting
  9242 | D:9      | Found a staircase to the Orcish Mines.
  9439 | D:9      | Noticed a two-headed ogre
  9450 | D:9      | Killed a two-headed ogre
  9450 | D:9      | Received a gift from Okawaru
  9494 | D:9      | Found a transporter.
  9494 | D:9      | Found a deep blue altar of Sif Muna.
  9505 | D:9      | Found a transporter.
  9563 | D:9      | Noticed Tali's ghost (novice MiBe)
  9790 | D:9      | Noticed a death yak
  9792 | D:9      | Received a gift from Okawaru
  9809 | D:9      | Killed a death yak
 10774 | D:3      | Noticed Crazy Yiuf
 10780 | D:3      | Killed Crazy Yiuf
 11278 | D:9      | Killed Tali's ghost
 11278 | D:9      | Reached skill level 10 in Transmutations
 11357 | D:10     | Entered Level 10 of the Dungeon
 11361 | D:10     | Found a runed door.
 11379 | D:10     | Noticed a sixfirhy
 11437 | D:10     | Reached XP level 12. HP: 76/97 MP: 22/22
 11797 | D:10     | Noticed a vault guard
 11812 | D:10     | Killed a vault guard
 11812 | D:10     | Reached skill level 10 in Fighting
 11997 | D:10     | Found a portal to a secret trove of treasure.
 12097 | D:10     | Found Mikh's Antique Armour Emporium.
 13140 | D:11     | Reached skill level 11 in Fighting
 13271 | D:11     | Noticed Sonja
 13303 | D:11     | Killed Sonja
 14095 | D:12     | Received a gift from Okawaru
 14787 | D:12     | Got a crude troll leather armour
 14788 | D:12     | Identified the cursed +0 troll leather armour of the Komtur {rN+ Regen+ Dex+4 Slay-6 Stlth+} (You took it off an orc priest on level 12 of the Dungeon)
 14903 | D:13     | Noticed Snorg
 14924 | D:13     | Killed Snorg
 15128 | D:13     | Noticed a centaur warrior
 15142 | D:13     | Killed a centaur warrior
 15148 | D:13     | Reached XP level 13. HP: 56/107 MP: 24/24
 15297 | D:13     | Reached skill level 12 in Fighting
 15749 | D:13     | Reached ****** piety under Okawaru
 15865 | D:13     | Received a gift from Okawaru
 15872 | D:13     | Got a warped animal skin {god gift}
 15873 | D:13     | Identified the +1 animal skin of the Eternal Fruit {Int+4} (Okawaru gifted it to you on level 13 of the Dungeon)
 16176 | D:14     | Noticed Jannitor's ghost (journeyman FeCK)
 16257 | D:14     | Found a gate to the Vaults.
 16257 | D:14     | Noticed a vault guard
 16257 | D:14     | Noticed a vault guard
 16257 | D:14     | Noticed a vault guard
 16269 | D:14     | Noticed a vault guard
 16300 | D:14     | Killed a vault guard
 16305 | D:14     | Killed a vault guard
 16305 | D:14     | Reached skill level 15 in Dodging
 16318 | D:14     | Killed a vault guard
 16318 | D:14     | Reached skill level 13 in Fighting
 16425 | D:14     | Killed a vault guard
 16863 | D:14     | Received a gift from Okawaru
 16991 | D:14     | Reached skill level 14 in Fighting
 17132 | D:14     | Reached XP level 14. HP: 120/120 MP: 26/26
 17905 | Lair:1   | Entered Level 1 of the Lair of Beasts
 18297 | Lair:1   | Noticed Fannar
 18310 | Lair:1   | Killed Fannar
 18416 | Lair:1   | Noticed Gastronok
 18431 | Lair:1   | Killed Gastronok
 19019 | Lair:2   | Found a frozen archway.
 19059 | IceCv    | Entered an ice cave
 19270 | IceCv    | Received a gift from Okawaru
 19364 | IceCv    | Reached skill level 15 in Fighting
 19741 | IceCv    | Noticed a frost giant
 19775 | IceCv    | Killed a frost giant
 21021 | Lair:3   | Received a gift from Okawaru
 21867 | Lair:3   | Found a staircase to the Snake Pit.
 22486 | Lair:4   | Noticed Rupert
 22592 | Lair:4   | Paralysed by Rupert for 4 turns
 22613 | Lair:4   | Killed Rupert
 22613 | Lair:4   | Reached XP level 15. HP: 111/130 MP: 24/27
 22640 | Lair:3   | Reached skill level 16 in Fighting
 22921 | Lair:4   | Found a staircase to the Swamp.
 22988 | Lair:4   | Noticed Oravi's ghost (journeyman MfTm)
 23394 | Lair:4   | Killed Oravi's ghost
 23851 | Lair:5   | Found a staircase to the Slime Pits.
 23851 | Lair:5   | Found a viscous altar of Jiyva.
 23855 | Lair:5   | Noticed Josephine
 23864 | Lair:5   | Killed Josephine
 23864 | Lair:5   | Received a gift from Okawaru
 25158 | Lair:6   | Entered Level 6 of the Lair of Beasts
 25542 | Lair:6   | Found a snail-covered altar of Cheibriados.
 25651 | Lair:6   | Received a gift from Okawaru
 25988 | Lair:6   | Reached skill level 17 in Fighting
 27233 | Lair:6   | Found the +15 Maxwell's patent armour {-Cast -Tele rElec MR+ rCorr}
 28458 | D:14     | Killed Jannitor's ghost
 28458 | D:14     | Reached XP level 16. HP: 115/142 MP: 21/28
 28852 | D:15     | Entered Level 15 of the Dungeon
 29429 | D:15     | Found a stormy altar of Qazlal.
 29473 | D:15     | Reached skill level 18 in Fighting
 29515 | D:15     | Learned a level 2 spell: Blink
 29761 | D:15     | Reached skill level 1 in Translocations
 30023 | D:15     | Received a gift from Okawaru
 30094 | D:15     | Found a staircase to the Depths.
 30528 | Orc:1    | Entered Level 1 of the Orcish Mines
 31607 | Orc:1    | Received a gift from Okawaru
 31857 | Orc:2    | Entered Level 2 of the Orcish Mines
 31857 | Orc:2    | Noticed raetorn's ghost (journeyman VSFi)
 31868 | Orc:2    | Killed raetorn's ghost
 32522 | Orc:2    | Found Jyshromec's Jewellery Shop.
 32550 | Orc:2    | Found Amiaxef's Antique Armour Shoppe.
 32586 | Orc:2    | Gained mutation: Your body sometimes deteriorates upon taking damage. [a neqoxec]
 32804 | Orc:1    | Gained mutation: You expend magic power (3 MP) to strengthen your wands. [a neqoxec]
 32979 | Orc:2    | Found Feklil's Antique Weapon Shop.
 33031 | Orc:2    | Found a staircase to the Elven Halls.
 33303 | Orc:2    | Found Iduxari's General Store.
 33473 | Orc:1    | Received a gift from Okawaru
 33490 | Orc:1    | Got a jewelled buckler {god gift}
 33732 | Orc:1    | Identified the -5 buckler of Amasaip {Str+3} (Okawaru gifted it to you on level 1 of the Orcish Mines)
 33995 | Swamp:1  | Entered Level 1 of the Swamp
 34666 | D:14     | Lost mutation: You expend magic power (3 MP) to strengthen your wands. [potion of mutation]
 34666 | D:14     | Lost mutation: Your body sometimes deteriorates upon taking damage. [potion of mutation]
 34666 | D:14     | Gained mutation: You are weak. (Str -2) [potion of mutation]
 34666 | D:14     | Gained mutation: Armour fits poorly on your strangely shaped body. [potion of mutation]
 34666 | D:14     | Gained mutation: Your spells are a little harder to cast, but a little more powerful. [potion of mutation]
 34667 | D:14     | Lost mutation: You are weak. (Str -2) [potion of mutation]
 34667 | D:14     | Lost mutation: Your spells are a little harder to cast, but a little more powerful. [potion of mutation]
 34667 | D:14     | Lost mutation: Armour fits poorly on your strangely shaped body. [potion of mutation]
 34667 | D:14     | Gained mutation: You have a pair of small horns on your head. [potion of mutation]
 34667 | D:14     | Gained mutation: Your mind is acute. (Int +2) [potion of mutation]
 34668 | D:14     | Lost mutation: You have a pair of small horns on your head. [potion of mutation]
 34668 | D:14     | Lost mutation: Your mind is acute. (Int +2) [potion of mutation]
 34668 | D:14     | Gained mutation: Armour fits poorly on your strangely shaped body. [potion of mutation]
 34668 | D:14     | Gained mutation: You passively map a small area around you. [potion of mutation]
 34669 | D:14     | Lost mutation: Armour fits poorly on your strangely shaped body. [potion of mutation]
 34669 | D:14     | Lost mutation: You passively map a small area around you. [potion of mutation]
 34669 | D:14     | Gained mutation: You are dopey. (Int -2) [potion of mutation]
 34669 | D:14     | Gained mutation: You are partially covered in icy blue scales. (AC +2) [potion of mutation]
 34669 | D:14     | Gained mutation: Your body sometimes deteriorates upon taking damage. [potion of mutation]
 34669 | D:14     | Gained mutation: Your movements are slightly less encumbered by armour. (ER -2) [potion of mutation]
 35315 | Swamp:1  | Reached XP level 17. HP: 147/150 MP: 27/29
 36356 | Swamp:2  | Reached skill level 5 in Translocations
 36770 | Swamp:2  | Reached skill level 19 in Fighting
 37502 | Swamp:4  | Entered Level 4 of the Swamp
 38905 | Swamp:3  | Received a gift from Okawaru
 40862 | Swamp:4  | Got a scorched tin ring
 40891 | Swamp:4  | Identified the ring "Jyakilun" {Ice Str+2 Int+2 Dex+4 Slay-2} (You found it on level 4 of the Swamp)
 41061 | Swamp:4  | Got a decaying rune of Zot
 42050 | Snake:1  | Entered Level 1 of the Snake Pit
 42973 | Snake:1  | Reached skill level 20 in Fighting
 43304 | Snake:1  | Noticed Donald
 43418 | Snake:1  | Received a gift from Okawaru
 43809 | Snake:1  | Killed Donald
 43809 | Snake:1  | Reached XP level 18. HP: 140/162 MP: 23/30
 44582 | Vaults:1 | Entered Level 1 of the Vaults
 44872 | Vaults:1 | Reached skill level 10 in Invocations
 45394 | Vaults:1 | Received a gift from Okawaru
 47504 | Vaults:2 | Reached skill level 21 in Fighting
 47519 | Vaults:2 | Received a gift from Okawaru
 47788 | Vaults:2 | Reached skill level 10 in Spellcasting
 48750 | Vaults:2 | Found Ceskeun's Jewellery Shop.
 48761 | Vaults:2 | Reached XP level 19. HP: 167/172 MP: 33/33
 49166 | Vaults:2 | Learned a level 2 spell: Passwall
 49172 | Vaults:2 | Learned a level 5 spell: Lee's Rapid Deconstruction
 49176 | Vaults:2 | Noticed Nikola
 49202 | Vaults:2 | Killed Nikola
 49202 | Vaults:2 | Reached skill level 1 in Earth Magic
 50462 | Vaults:2 | Found Raorrac's Armour Emporium.
 51286 | D:10     | You paid a toll of a +4 demon trident to enter a treasure trove
 51287 | Trove    | Entered a treasure trove
 51300 | Trove    | Identified Duhag's Compendium of Execration and Evil
 51324 | Trove    | Identified the Disquisition on Translocation and Attacks
 51348 | Trove    | Identified the Guide on Talismans and the Voyage
 51351 | Trove    | Identified Sif Muna's Guide on Freezing Lightness
 51415 | Trove    | Identified Seagy's Tome of Enhancements and Arcane Weapons (You found it in a treasure trove)
 51560 | D:14     | Learned a level 4 spell: Petrify
 51564 | D:14     | Learned a level 3 spell: Regeneration
 52595 | Snake:2  | Received a gift from Okawaru
 52665 | Snake:2  | Reached skill level 5 in Earth Magic
 53296 | Snake:2  | Found Josm's Assorted Antiques.
 53304 | Snake:2  | Bought a leatherbound book for 495 gold pieces
 53348 | Snake:2  | Noticed flt's ghost (adept SpEn)
 53361 | Snake:2  | Killed flt's ghost
 54412 | D:14     | Learned a level 8 spell: Necromutation
 55211 | Snake:3  | Reached skill level 1 in Necromancy
 55355 | Snake:3  | Noticed Louise
 55368 | Snake:3  | Killed Louise
 55582 | Snake:3  | Lost mutation: Your body sometimes deteriorates upon taking damage. [potion of mutation]
 55582 | Snake:3  | Lost mutation: You are dopey. (Int -2) [potion of mutation]
 55582 | Snake:3  | Lost mutation: You are partially covered in icy blue scales. (AC +2) [potion of mutation]
 55582 | Snake:3  | Gained mutation: You are partially covered in rugged brown scales. (AC +1, +3% HP) [potion of mutation]
 55582 | Snake:3  | Gained mutation: You possess an exceptional clarity of mind. [potion of mutation]
 55582 | Snake:3  | Gained mutation: You have very sharp teeth. [potion of mutation]
 56661 | Snake:3  | Reached XP level 20. HP: 68/185 MP: 30/36
 56969 | Snake:3  | Received a gift from Okawaru
 56978 | Snake:4  | Entered Level 4 of the Snake Pit
 57586 | Snake:4  | Found Ohej's Jewellery Shoppe.
 58869 | Snake:4  | Noticed Kirke
 58883 | Snake:4  | Killed Kirke
 59400 | Snake:4  | Reached skill level 1 in Charms
 59608 | Snake:4  | Got a serpentine rune of Zot
 60578 | Snake:4  | Bought the brooch of Shielding {Reflect SH+8} for 1807 gold pieces
 60578 | Snake:4  | Found the brooch of Shielding {Reflect SH+8}
 61173 | Vaults:3 | Reached skill level 1 in Polearms
 61204 | Vaults:3 | Found a staircase to the Crypt.
 61710 | Vaults:3 | Received a gift from Okawaru
 61838 | Vaults:3 | Reached skill level 5 in Polearms
 62584 | Vaults:4 | Reached XP level 21. HP: 177/192 MP: 33/38
 63274 | Vaults:4 | Reached skill level 5 in Charms
 63305 | Vaults:4 | Received a gift from Okawaru
 63704 | Vaults:4 | Reached skill level 10 in Polearms
 64760 | D:14     | Learned a level 3 spell: Spectral Weapon
 64819 | Depths:1 | Entered Level 1 of the Depths
 64860 | Depths:1 | Noticed Sojobo
 64872 | D:15     | Reached skill level 5 in Necromancy
 65443 | Depths:1 | Killed Sojobo
 65964 | Depths:1 | Reached skill level 1 in Hexes
 66102 | Depths:1 | Noticed Mara
 66105 | Depths:1 | Reached skill level 1 in Shields
 66142 | Depths:1 | Received a gift from Okawaru
 66353 | Depths:1 | Found a gateway to Hell.
 66370 | Depths:1 | Noticed Oravi's illusion
 66692 | Depths:1 | Noticed Oravi's illusion
 66698 | Depths:1 | Killed Mara
 67599 | Depths:2 | Identified the Papyrus of Lucky Transformation
 67628 | Depths:2 | Reached XP level 22. HP: 143/199 MP: 37/40
 67652 | Depths:2 | Reached skill level 15 in Polearms
 68062 | Depths:2 | Found Wanesos's Jewellery Emporium.
 68551 | Depths:2 | Found a one-way gate to the infinite horrors of the Abyss.
 68792 | Depths:2 | Reached skill level 5 in Hexes
 68854 | Depths:2 | Found Xeninig's Gadget Shop.
 68854 | Depths:2 | Found Guset's Jewellery Shoppe.
 68855 | Depths:2 | Found Cydich's Gadget Shop.
 69084 | Depths:3 | Found the amulet of the Air {Inacc +Fly rElec EV+5 RMsl}
 70138 | Depths:3 | Noticed Asterion
 70168 | Depths:3 | Noticed a caustic shrike
 70171 | Depths:3 | a caustic shrike changed into a frost giant
 70196 | Depths:3 | Killed Asterion
 70837 | Depths:3 | Got a bound steel amulet
 70890 | Depths:3 | Found a one-way gate leading to the halls of Pandemonium.
 70971 | Depths:3 | Identified the Incunabulum of Dark Clay
 70974 | Depths:3 | Identified the amulet "Vostrag" {Inacc rC+ Dex+4} (You found it on level 3 of the Depths)
 71309 | Depths:3 | Identified the +11 crystal plate armour of the Big Bang {rPois rC+ rN+ MR+} (You found it on level 3 of the Depths)
 71867 | Depths:4 | Found a corrupted altar of Lugonu.
 72173 | Depths:4 | Found a glowing golden altar of the Shining One.
 72191 | Depths:4 | Reached XP level 23. HP: 207/207 MP: 37/41
 72721 | Depths:4 | Received a gift from Okawaru
 73258 | Depths:4 | Reached skill level 5 in Shields
 73424 | Depths:4 | Got a heavily runed helmet
 73550 | Depths:4 | Identified the +1 helmet "Mocymuz" {SInv} (You found it on level 4 of the Depths)
 73561 | Depths:5 | Entered Level 5 of the Depths
 73851 | Depths:5 | Noticed a golden dragon
 75924 | Depths:5 | Found a gateway to a ziggurat.
 76214 | Depths:5 | Received a gift from Okawaru
 76220 | Depths:5 | Reached skill level 10 in Shields
 76244 | Depths:5 | Noticed a juggernaut
 76263 | Depths:5 | Killed a juggernaut
 76998 | Depths:5 | Found a gate to the Realm of Zot.
 77223 | Depths:4 | Reached XP level 24. HP: 196/214 MP: 35/41
 77672 | Elf:1    | Entered Level 1 of the Elven Halls
 77874 | Elf:1    | Identified the Incunabulum of the Escort
 78042 | Elf:1    | Found Haomu's Jewellery Emporium.
 78498 | Elf:2    | Received a gift from Okawaru
 78657 | Elf:2    | Found a runed gate.
 78658 | Elf:2    | Found a runed gate.
 78659 | Elf:2    | Found a runed gate.
 79697 | Elf:3    | Entered Level 3 of the Elven Halls
 79764 | Elf:3    | Found Borihei's Distillery.
 79768 | Elf:3    | Found Vaulluash's Antique Weapon Shoppe.
 79769 | Elf:3    | Found Ragul Waibes's Armour Emporium.
 79784 | Elf:3    | Bought a potion of heal wounds for 80 gold pieces
 79784 | Elf:3    | Bought a potion of heal wounds for 80 gold pieces
 79784 | Elf:3    | Bought a potion of heal wounds for 80 gold pieces
 80099 | Elf:3    | Noticed Jorgrun
 80105 | Elf:3    | Killed Jorgrun
 80513 | Elf:3    | Reached skill level 15 in Shields
 81646 | Elf:3    | Received a gift from Okawaru
 81655 | Elf:3    | Got a polished scythe {flame}
 81682 | Elf:3    | Got a glittering golden amulet
 81687 | Elf:3    | Got an encrusted leather armour
 81944 | Elf:3    | Got a coiled glass ring
 82014 | Elf:3    | Got an opalescent robe
 82015 | Elf:3    | Identified the +4 leather armour "Nupu Ewn" {rElec} (You took it off a deep elf death mage on level 3 of the Elven Halls)
 82016 | Elf:3    | Identified the +1 robe of Coronation {rElec MP+9} (You took it off a deep elf demonologist on level 3 of the Elven Halls)
 82034 | Elf:3    | Identified Plog's Reference Book on the Evil Traveller
 82054 | Elf:3    | Identified Pyroirre's Grimoire of Talismans and Conjuration
 82192 | Elf:3    | Identified the Compendium of the Snowflakes
 82197 | Elf:3    | Identified the ring of Cownosch {*Tele Str+3 SInv} (You found it on level 3 of the Elven Halls)
 82199 | Elf:3    | Identified the amulet "Gaorch" {RegenMP Slay+3} (You took it off a deep elf death mage on level 3 of the Elven Halls)
 82268 | Elf:3    | Got a dazzling leather armour
 82269 | Elf:3    | Identified the cursed +1 leather armour "Inaveome" {rC- Str+4 Int-4 Slay+3} (You found it on level 3 of the Elven Halls)
 82276 | Elf:3    | Identified the cursed +1 scythe of Fear {flame, *Slow rPois rN+++ Str+6} (You took it off a deep elf death mage on level 3 of the Elven Halls)
 84268 | Vaults:5 | Entered Level 5 of the Vaults
 84320 | Vaults:4 | Reached XP level 25. HP: 213/222 MP: 32/41
 85012 | Vaults:4 | Reached skill level 22 in Fighting
 85502 | Vaults:4 | Received a gift from Okawaru
 86468 | Vaults:4 | Reached skill level 15 in Spellcasting
 87593 | Vaults:5 | Learned a level 6 spell: Statue Form
 87607 | Vaults:5 | Got a silver rune of Zot
 87645 | Vaults:5 | Identified The Intricacies of Thaumaturgy
 87716 | Vaults:5 | Identified The Compendium of Greatest Risks and Utility
 88636 | Vaults:5 | Reached XP level 26. HP: 101/232 MP: 24/42
 89253 | Vaults:5 | Received a gift from Okawaru
 89543 | Vaults:5 | Reached skill level 10 in Earth Magic
 89678 | Vaults:5 | Got a pitted ruby amulet
 89765 | Vaults:5 | Found the +2 pair of boots of the Assassin {Detection Stab+ Stlth++}
 89872 | Vaults:5 | Identified a scroll of acquirement
 89874 | Vaults:5 | Identified the amulet "Etyharil" {RegenMP rN+ Str-3 Int+6 Stlth-} (You took it off a yaktaur captain on level 5 of the Vaults)
 90073 | Vaults:5 | Learned a level 5 spell: Aura of Abjuration
 91537 | Slime:1  | Entered Level 1 of the Pits of Slime
 91567 | Lair:5   | Reached skill level 1 in Summonings
 92927 | Slime:5  | Entered Level 5 of the Pits of Slime
 92995 | Slime:5  | Received a gift from Okawaru
 93034 | Slime:4  | Reached skill level 5 in Summonings
 93142 | Slime:4  | Gained mutation: You are frail. (-10% HP) [a shining eye]
 93401 | Slime:5  | Paralysed by a floating eye for 4 turns
 94190 | Slime:5  | Noticed the Royal Jelly
 94203 | Slime:5  | Killed the Royal Jelly
 94269 | Slime:5  | Gained mutation: You are weak. (Str -2) [a shining eye]
 94786 | Slime:5  | Found the amulet of Vitality {Regen+ HP+15}
 94789 | Slime:5  | Found the amulet of the Four Winds {rN+ MR+++ Clar}
 94796 | Slime:5  | Got a slimy rune of Zot
 94962 | Slime:5  | Got a steaming halberd
 94963 | Slime:5  | Identified the +10 halberd of Flawed Execution {pain, rF+ MR+} (You found it on level 5 of the Pits of Slime)
 95676 | Vaults:5 | Got an ancient halberd {chop}
 95677 | Vaults:5 | Identified the cursed +0 halberd of the Briny Deep {chop, rC+} (You took it off a deep elf mage on level 5 of the Vaults)
 96022 | Orc:2    | Bought a scroll of teleportation for 33 gold pieces
 96323 | Snake:2  | Bought a scroll of teleportation for 99 gold pieces
 96955 | Zot:1    | Entered Level 1 of the Realm of Zot
 97246 | Zot:1    | Received a gift from Okawaru
 98297 | Zot:2    | Reached XP level 27. HP: 214/216 MP: 22/44
 98620 | D:14     | Learned a level 5 spell: Alistair's Intoxication
 99162 | Zot:2    | Reached skill level 23 in Fighting
100078 | Zot:3    | Received a gift from Okawaru
102804 | Zot:4    | Reached skill level 24 in Fighting
104170 | Zot:4    | Received a gift from Okawaru
104920 | Zot:4    | Received a gift from Okawaru
105638 | Crypt:1  | Entered Level 1 of the Crypt
106257 | Crypt:1  | Found an ancient bone altar of Kikubaaqudgha.
106583 | Crypt:2  | Noticed Mennas
106598 | Crypt:1  | Received a gift from Okawaru
106703 | Crypt:2  | Noticed Margery
106720 | Crypt:1  | Killed Margery
106833 | Crypt:1  | Killed Mennas
107091 | Crypt:1  | Reached skill level 25 in Fighting
108225 | Crypt:2  | Got an encrusted trident
108226 | Crypt:2  | Identified the cursed +0 trident "Dapsa" {antimagic, -Tele Str+5 Int+5} (You found it on level 2 of the Crypt)
108245 | Crypt:3  | Entered Level 3 of the Crypt
108508 | Crypt:3  | Received a gift from Okawaru
109166 | Crypt:3  | Found a basalt altar of Yredelemnul.
109209 | Crypt:3  | Noticed an ancient lich
109228 | Crypt:3  | Killed an ancient lich
109323 | Crypt:3  | Got a clouded bone ring
109497 | Crypt:3  | Received a gift from Okawaru
109537 | Crypt:3  | Identified the ring of Amelioration {*Slow rN+ Str+6 Stlth+} (You took it off a skeletal warrior on level 3 of the Crypt)
109559 | Crypt:3  | Identified Jiogiaj's Disquisition on Necromancy
109690 | Crypt:3  | Got a wavering platinum ring
109691 | Crypt:3  | Identified the ring of Cako {rPois rN+ Stlth+} (You took it off a skeletal warrior on level 3 of the Crypt)
110092 | Crypt:3  | Got a brightly glowing brass ring
110093 | Crypt:3  | Identified the ring "Mecol" {rN+ MR+} (You took it off a skeletal warrior on level 3 of the Crypt)
110234 | Crypt:3  | Reached skill level 26 in Fighting
110296 | Crypt:3  | Found a staircase to the Tomb.
110933 | Zot:5    | Entered Level 5 of the Realm of Zot
112073 | Zot:5    | Received a gift from Okawaru
112385 | Zot:5    | Noticed an orb of fire
112401 | Zot:5    | Killed an orb of fire
112404 | Zot:5    | Noticed an orb of fire
112406 | Zot:5    | Noticed an orb of fire
112406 | Zot:5    | Noticed an orb of fire
112409 | Zot:5    | Noticed an orb of fire
112409 | Zot:5    | HP: 6/228 [orb of fire/bolt of fire (20)]
112409 | Zot:5    | Killed from afar by an orb of fire

Skill      XL: |  1  2  3  4  5  6  7  8  9 10 11 12 13 14 15 16 17 18 19 20 21 22 23 24 25 26 27 |
---------------+----------------------------------------------------------------------------------+-----
Transmutations | 3 4 6 7 10 11 12 13 14 | 14.0
Unarmed Combat | 4 5 6 8 10 | 10.0
Dodging        | 3 5 6 9 11 14 16 18 20 21 22 | 22.0
Fighting       | 2 3 5 7 9 11 14 15 17 18 20 21 22 26 | 26.5
Invocations    | 4 5 9 10 | 10.0
Spellcasting   | 4 6 7 8 10 12 13 14 15 17 21 | 21.2
Translocations | 4 5 |  5.0
Earth Magic    | 6 8 9 10 | 10.0
Necromancy     | 1 3 5 7 |  7.8
Charms         | 4 5 6 8 |  8.0
Polearms       | 6 14 20 22 | 22.0
Hexes          | 3 5 |  5.0
Shields        | 3 4 11 15 | 15.0
Summonings     | 7 |  7.0

Action                   |  1- 3 |  4- 6 |  7- 9 | 10-12 | 13-15 | 16-18 | 19-21 | 22-24 | 25-27 || total
-------------------------+-------+-------+-------+-------+-------+-------+-------+-------+-------++-------
Melee: Unarmed           |   124 |    95 |   404 |   826 |  1418 |  1654 |  1478 |       |       ||  5999
       Headbutt          |    10 |       |       |       |       |       |       |       |       ||    10
       Punch             |       |       |     1 |     5 |    14 |    63 |    85 |       |       ||   168
       Staff             |       |       |       |       |     8 |    25 |     6 |       |       ||    39
       Tailslap          |       |       |       |       |     3 |    16 |       |       |       ||    19
       Bite              |       |       |       |       |       |       |   100 |   172 |   259 ||   531
       Demon trident     |       |       |       |       |       |       |    59 |  1999 |  2504 ||  4562
       Halberd           |       |       |       |       |       |       |       |       |    37 ||    37
 Cast: Beastly Appendage |    11 |       |       |       |       |       |       |       |       ||    11
       Spider Form       |    13 |    19 |    64 |    82 |    76 |    37 |       |       |       ||   291
       Sticks to Snakes  |       |       |       |    21 |    52 |    61 |    25 |       |       ||   159
       Blade Hands       |       |       |       |     9 |    53 |   145 |   126 |       |       ||   333
       Ice Form          |       |       |       |       |     9 |     2 |       |       |       ||    11
       Blink             |       |       |       |       |       |     1 |       |     5 |     9 ||    15
       Petrify           |       |       |       |       |       |       |     1 |    71 |   131 ||   203
       Lee's Rapid Decon |       |       |       |       |       |       |    13 |    48 |    95 ||   156
       Spectral Weapon   |       |       |       |       |       |       |     3 |   177 |   303 ||   483
       Regeneration      |       |       |       |       |       |       |       |     1 |    52 ||    53
       Statue Form       |       |       |       |       |       |       |       |       |   122 ||   122
       Aura of Abjuratio |       |       |       |       |       |       |       |       |    13 ||    13
       Alistair's Intoxi |       |       |       |       |       |       |       |       |    21 ||    21
Invok: Heroism           |       |       |     3 |    16 |    28 |    57 |    58 |    39 |    28 ||   229
       Finesse           |       |       |       |       |       |     3 |     6 |     6 |     5 ||    20
 Abil: End Transformatio |       |       |       |     8 |     9 |    26 |     4 |       |     2 ||    49
       Evoke Flight      |       |       |       |       |       |       |       |     5 |       ||     5
       Stop Flying       |       |       |       |       |       |       |       |     3 |       ||     3
Evoke: Wand              |       |       |       |       |     3 |       |       |       |     2 ||     5
  Use: Scroll            |       |       |    20 |     8 |     5 |     6 |    11 |    17 |    36 ||   103
       Potion            |       |       |       |     2 |     7 |     9 |     3 |     5 |    11 ||    37
 Stab: Sleeping          |     1 |     1 |     2 |       |     2 |     4 |     2 |     2 |     1 ||    15
       Distracted        |       |       |       |       |     6 |     2 |     3 |    32 |    38 ||    81
       Petrified         |       |       |       |       |       |       |       |    71 |   118 ||   189
       Petrifying        |       |       |       |       |       |       |       |    18 |    20 ||    38
       Confused          |       |       |       |       |       |       |       |       |     5 ||     5
  Eat: Chunk             |     6 |     7 |    21 |    34 |    46 |    65 |    27 |    30 |    39 ||   275
       Ration            |       |       |     1 |       |     4 |    11 |    15 |     9 |    23 ||    63
Armor: Robe              |    16 |     3 |     3 |     9 |    53 |   162 |   154 |    89 |    84 ||   573
       Skin              |     1 |     5 |    14 |    26 |    44 |    16 |       |       |   520 ||   626
Dodge: Dodged            |    99 |    71 |   365 |   882 |  1832 |  2437 |  1693 |   886 |  2453 || 10718
Block: Other             |       |       |       |       |       |       |   199 |       |       ||   199
       Reflection        |       |       |       |       |       |       |    20 |    65 |    97 ||   182
       Buckler           |       |       |       |       |       |       |     9 |   578 |       ||   587
       Shield            |       |       |       |       |       |       |       |   102 |  2152 ||  2254
